 Dungeon Crawl Stone Soup version 0.30-b1-2-g02819fbbbe (webtiles) character file.

Game seed: 11577127424694217741

3317 Armakuni the Cleaver (level 10, 0/76 HPs)
             Began as a Human Fighter on May 21, 2023.
             Was an Elder of Makhleb.
             Slain by an orc knight
             ... wielding a +0 war axe
              (17 damage)
             ... in a bailey.
             The game lasted 00:25:35 (5588 turns).

Armakuni the Cleaver (Human Fighter)                Turns: 5588, Time: 00:25:36

Health: 0/76       AC: 11    Str: 20    XL:     10   Next: 21%
Magic:  13/13      EV: 11    Int:  8    God:    Makhleb [****..]
Gold:   320        SH:  5    Dex: 14    Spells: 9/9 levels left

rFire   + . .        a - +0 war axe
rCold   . . .        c - +0 buckler
rNeg    . . .        t - +0 swamp dragon scales
rPois   +            k - +0 helmet
rElec   .            n - +0 cloak
rCorr   .            (no gloves)
SInv    .            (no boots)
Will    .....        R - amulet of regeneration
Stlth   +            (no ring)
HPRegen 1.12/turn    (no ring)
MPRegen 0.13/turn

%: no passive effects
@: about to teleport
A: fire resistance 1, shaggy fur 1
a: Renounce Religion, Minor Destruction, Lesser Servant of Makhleb, Major
Destruction


You were in a bailey.
You worshipped Makhleb.
Makhleb was greatly pleased with you.
You visited 2 branches of the dungeon, and saw 8 of its levels.
You also visited: Bailey.

You collected 320 gold pieces.

Inventory:

Hand Weapons
 a - a +0 war axe (weapon)
 b - a +1 whip of venom
 f - a +0 dire flail of venom
Missiles
 s - 6 boomerangs (quivered)
 y - 6 javelins
Armour
 c - a +0 buckler (worn)
 k - a +0 helmet (worn)
 n - a +0 cloak (worn)
 t - +0 swamp dragon scales (worn)
Jewellery
 R - an amulet of regeneration (around neck)
Wands
 j - a wand of iceblast (8)
 p - a wand of polymorph (2)
 v - a wand of flame (20)
Scrolls
 d - a scroll of noise
 q - a scroll of vulnerability
 r - 2 scrolls of enchant weapon
 u - 2 scrolls of identify
 w - a scroll of amnesia
Potions
 e - 2 potions of curing
 g - 2 potions of attraction
 h - 2 potions of flight
 m - a potion of cancellation
 o - a potion of magic
 x - a potion of heal wounds
 z - a potion of might


   Skills:
 + Level 5.8 Fighting
 - Level 9.6 Axes
 - Level 3.0 Armour
 - Level 2.0 Dodging
 - Level 5.0 Shields
 - Level 4.5 Invocations
 - Level 6.0 Evocations


You had 9 spell levels left.
You didn't know any spells.
Your spell library contained the following spells:

 Spells                   Type           Power      Damage    Failure   Level
 Sandblast                Erth           0%         2d4       65%         1
 Passwall                 Tmut/Erth      0%         N/A       80%         2
 Call Canine Familiar     Summ           0%         N/A       95%         3
 Gell's Gravitas          Tloc           0%         N/A       95%         3
 Portal Projectile        Hex/Tloc       0%         N/A       95%         3
 Stone Arrow              Conj/Erth      0%         3d7       95%         3
 Teleport Other           Tloc           0%         N/A       95%         3
 Leda's Liquefaction      Hex/Erth       0%         N/A       100%        4
 Dispersal                Tloc           0%         N/A       100%        6


Dungeon Overview and Level Annotations

Branches:
Dungeon (7/15)             Temple (1/1) D:6          Bailey (1/1)

Altars:
Cheibriados
Dithmenos
Fedhas
Gozag
Kikubaaqudgha
Makhleb
Ru
Sif Muna
Trog
Xom
The Shining One


Innate Abilities, Weirdness & Mutations

Your flesh is heat resistant. (rF+)
You are covered in fur. (AC +1)


Message History

Unknown command.
Okay, then.
Unknown command.
Aiming: Iceblast
Press: ? - help, Shift-Dir - straight line, f - orc knight
Aim: an orc knight, wielding a +0 war axe and wearing a +0 chain mail (lightly wounded, ally target) That beam is likely to hit you.
Continue anyway?
Okay, then.
Unknown command.
You see here a boomerang.
You closely miss the orc knight.
The orc knight is lightly wounded.
The orc knight hits you with a +0 war axe.
Your orange demon completely misses the orc knight.
You barely miss the orc knight.
The orc knight is lightly wounded.
The orc knight hits you with a +0 war axe.
Your orange demon barely misses the orc knight.
You barely miss the orc knight.
The orc knight is lightly wounded.
The orc knight hits you with a +0 war axe!
Your orange demon stings the orc knight from afar.
You hit the orc knight.
The orc knight is moderately wounded.
The orc knight completely misses you.
Your orange demon stings the orc knight but does no damage.
The orc knight attacks as you move away!
The orc knight hits you with a +0 war axe.
There is an open gate here.
The orc knight attacks as you move away!
The orc knight hits you with a +0 war axe.
There is a gate leading back out of this place here.
You don't currently have any unidentified items.
As you read the scroll of teleportation, it crumbles to dust.
You feel strangely unstable.
The orc knight hits you with a +0 war axe!
* * * LOW HITPOINT WARNING * * *
Your orange demon closely misses the orc knight.
The orc knight hits you with a +0 war axe!
You die...

####### ##.....##
#...∩...#
#.......#
##..@..## ##'o'##
#†..# #.4.# #...#
####...####
##~...((..~##
##~~..)((((~~###
..~~.......~~....


You could see an orc knight (ally target) and a friendly orange demon
(summoned).

Vanquished Creatures
  Pikel (D:3)
  Maggie (D:6)
  Eustachio (D:3)
  A steam dragon (D:6)
  Menkaure (D:6)
  A water moccasin (D:7)
  An orc warrior (D:7)
  An ice beast (D:3)
  A lemure (D:3)
  A centaur (D:6)
  Blork the orc (D:4)
  2 kobold brigands (Bailey)
  A scorpion (D:5)
  7 orc priests
  2 hounds (D:6)
  A jelly (D:4)
  A gnoll bouda (D:5)
  4 iguanas
  8 orc wizards
  11 gnolls
  5 adders
  A shadow imp (D:6)
  2 ufetubi
  A worm (D:3)
  2 dart slugs
  36 orcs
  8 endoplasms
  5 giant cockroaches
  10 goblins
  7 hobgoblins
  3 jackals (D:5)
  3 quokkas
  6 ball pythons
  9 bats
  3 frilled lizards
  17 kobolds
  5 rats
171 creatures vanquished.

Vanquished Creatures (collateral kills)
  Sigmund (D:6)
  Edmund (Temple)
  A sky beast (D:6)
  An ogre (D:6)
  A bullfrog (D:6)
  2 orc priests (D:6)
  3 orc wizards (D:6)
  3 orcs (D:6)
  A goblin (D:7)
  3 kobolds (Bailey)
17 creatures vanquished.

Vanquished Creatures (others)
  13 plants (D:3)
13 creatures vanquished.

Grand Total: 201 creatures vanquished

Notes
Turn   | Place    | Note
-------+----------+-------------------------------------------
     0 | D:1      | Armakuni the Human Fighter began the quest for the Orb.
     0 | D:1      | Reached XP level 1. HP: 18/18 MP: 1/1
   116 | D:1      | Reached XP level 2. HP: 24/24 MP: 2/2
   333 | D:1      | Reached skill level 3 in Axes
   425 | D:1      | Found a faded altar of an unknown god.
   573 | D:1      | Reached XP level 3. HP: 29/29 MP: 3/3
   642 | D:1      | Prayed at the altar of an unknown god.
   642 | D:1      | Became a worshipper of Makhleb the Destroyer
   642 | D:1      | Reached * piety under Makhleb
  1064 | D:2      | Found a shimmering altar of Xom.
  1333 | D:2      | Gained mutation: You occasionally lose the ability to drink
                  | potions when taking damage. [potion of mutation]
  1543 | D:3      | Reached skill level 1 in Invocations
  1543 | D:3      | Reached XP level 4. HP: 20/35 MP: 4/4
  1690 | D:3      | Reached skill level 4 in Axes
  1962 | D:3      | Reached ** piety under Makhleb
  2283 | D:3      | Reached XP level 5. HP: 41/41 MP: 6/6
  2606 | D:4      | Reached XP level 6. HP: 44/47 MP: 8/8
  2686 | D:4      | Reached skill level 5 in Axes
  2787 | D:4      | Noticed Pikel
  2787 | D:4      | Noticed an ice beast
  2844 | D:3      | Killed an ice beast
  3026 | D:4      | Noticed Eustachio
  3081 | D:3      | Killed Eustachio
  3082 | D:3      | Reached skill level 6 in Axes
  3082 | D:3      | Reached XP level 7. HP: 34/52 MP: 9/9
  3306 | D:5      | Entered Level 5 of the Dungeon
  3367 | D:3      | Killed Pikel
  3368 | D:3      | Reached skill level 8 in Axes
  3368 | D:3      | Reached XP level 8. HP: 22/58 MP: 10/10
  3430 | D:4      | Reached skill level 9 in Axes
  3447 | D:4      | Reached *** piety under Makhleb
  3608 | D:4      | Lost mutation: You occasionally lose the ability to drink
                  | potions when taking damage. [potion of mutation]
  3608 | D:4      | Gained mutation: You are weak. (Str -2) [potion of
                  | mutation]
  3608 | D:4      | Gained mutation: You have hidden genetic defects. [potion
                  | of mutation]
  3650 | D:4      | Found a sacrificial altar of Ru.
  3783 | D:5      | Noticed Blork the orc
  3810 | D:4      | Killed Blork the orc
  3856 | D:5      | Found a runed translucent door.
  3857 | D:5      | Noticed Crazy Yiuf
  3862 | D:5      | Crazy Yiuf changed into Crazy Yiuf the orc
  3862 | D:5      | Noticed Crazy Yiuf
  3864 | D:5      | Killed Crazy Yiuf the orc
  3998 | D:5      | Found a shimmering altar of Xom.
  4039 | D:5      | Gained mutation: Your body sometimes deteriorates upon
                  | taking damage. [hidden defects]
  4137 | D:5      | Reached skill level 1 in Evocations
  4159 | D:5      | Reached XP level 9. HP: 50/63 MP: 12/12
  4452 | D:5      | Found a shadowy altar of Dithmenos.
  4566 | D:6      | Found a staircase to the Ecumenical Temple.
  4622 | D:6      | Gained mutation: You are very weak. (Str -4) [hidden
                  | defects]
  4622 | D:6      | Lost mutation: You have hidden genetic defects. [hidden
                  | defects expressed]
  4627 | D:6      | Noticed Edmund
  4634 | D:6      | Noticed Menkaure
  4638 | Temple   | Entered the Ecumenical Temple
  4645 | Temple   | Killed Edmund
  4648 | Temple   | Lost mutation: You are very weak. (Str -4) [potion of
                  | mutation]
  4648 | Temple   | Lost mutation: Your body sometimes deteriorates upon taking
                  | damage. [potion of mutation]
  4648 | Temple   | Lost mutation: You are weak. (Str -2) [potion of mutation]
  4648 | Temple   | Gained mutation: Your flesh is heat resistant. (rF+)
                  | [potion of mutation]
  4648 | Temple   | Gained mutation: You are covered in fur. (AC +1) [potion of
                  | mutation]
  4734 | D:6      | Killed Menkaure
  4779 | D:6      | Reached skill level 5 in Evocations
  4888 | D:6      | Reached **** piety under Makhleb
  4994 | D:6      | Reached skill level 1 in Dodging
  5022 | D:6      | Noticed Maggie
  5034 | D:6      | Killed Maggie
  5051 | D:6      | Found a blossoming altar of Fedhas.
  5053 | D:6      | Found a shimmering blue altar of Sif Muna.
  5055 | D:6      | Found a glowing golden altar of the Shining One.
  5057 | D:6      | Noticed Sigmund
  5060 | D:6      | Killed Sigmund
  5061 | D:6      | Reached skill level 5 in Shields
  5064 | D:6      | Reached XP level 10. HP: 64/70 MP: 13/13
  5217 | D:6      | Found a snail-covered altar of Cheibriados.
  5219 | D:6      | Found a bloodstained altar of Trog.
  5220 | D:6      | Found an ancient bone altar of Kikubaaqudgha.
  5232 | D:6      | Found an opulent altar of Gozag.
  5482 | D:7      | Found a flagged portal.
  5496 | D:7      | Reached skill level 5 in Fighting
  5501 | Bailey   | Entered a bailey
  5558 | Bailey   | Noticed an orc knight
  5588 | Bailey   | Slain by an orc knight

Illustrated notes

Levels and vault maps discovered:
D:1:      evilmike_arrival_crescent, layout_loops_cross,
          shapermc_ecumenical_altar_totnotflames
D:2:      wander_river, layout_rooms, basic_altar
D:3:      layout_loops_ring, serial_bayou, serial_bayou_shore_a,
          serial_bayou_pond_b, serial_bayou_pond_c, serial_bayou_lake_a,
          hex_medium, hangedman_feature_mirror
D:4:      layout_rooms, nicolae_ru_path_of_blood, grunt_ministairs_11,
          uniq_pikel, uniq_eustachio
D:5:      layout_loops_ring, lemuel_tele_altar, kennysheep_mini_moat,
          uniq_blork_the_orc, uniq_crazy_yiuf_cottage
D:6:      layout_cave_pools, nicolae_overflow_hallway_of_the_gods,
          temple_statues, uniq_edmund, uniq_sigmund, uniq_menkaure, uniq_maggie
D:7:      layout_basic, enter_ossuary_4, enter_bailey_3,
          hellmonk_guarded_unrand_vines
Temple:   minmay_temple_forest_path
Bailey:   bailey_axe_3, bailey

Skill      XL: |  1  2  3  4  5  6  7  8  9 10 |
---------------+-------------------------------+-----
Axes           | 3 4 6 8 9 |  9.6
Invocations    | 1 2 3 4 |  4.5
Evocations     | 1 6 |  6.0
Dodging        | 2 |  2.0
Shields        | 5 |  5.0
Fighting       | 5 |  5.8
Armour         | |  3.0

Action                     |  1- 3 |  4- 6 |  7- 9 | 10-12 || total
---------------------------+-------+-------+-------+-------++-------
  Melee: War axe           |   114 |   192 |   287 |    76 ||   669
         Unarmed           |       |       |    13 |       ||    13
 Invoke: Minor Destruction |       |     3 |       |       ||     3
         Lesser Servant of |       |       |     3 |     4 ||     7
  Evoke: Wand              |       |     2 |     3 |       ||     5
    Use: Potion            |     7 |     3 |     3 |       ||    13
         Scroll            |     5 |     3 |     4 |     3 ||    15
   Stab: Distracted        |       |       |     2 |       ||     2
 Armour: Scale mail        |    65 |   112 |    99 |       ||   276
         Skin              |       |    19 |     2 |       ||    21
         Ring mail         |       |       |    30 |       ||    30
         Swamp dragon scal |       |       |     1 |    26 ||    27
  Dodge: Dodged            |    62 |   114 |   105 |    39 ||   320
  Block: Buckler           |    26 |    48 |    49 |    17 ||   140
